Red Wings vs Canadiens (R1)

Created - February 14, 2018 at 23:00

Goals
1 2 3 T
Red Wings 1 2 1 4
Canadiens 2 3 2 7
Shots
1 2 3 T
Red Wings 4 13 12 29
Canadiens 13 12 11 36

1st period

1. Red Wings , Sean Bergenheim 15 (Mike Richards 40, Michal Neuvirth) at 4:36 (PP)
2. Canadiens , Sidney Crosby 26 (Patrick Sharp 30) at 6:19
3. Canadiens , Patrick Sharp 11 (Sidney Crosby 38, Joe Pavelski 21) at 16:14

Penalties :
Dustin Boyd (Mon) for Elbowing (Minor) at 3:19, Philip Samuelsson (Det) for Roughing (Minor) at 8:04, Dennis Wideman (Mon) for Hooking (Minor) at 13:16, Luke Schenn (Mon) for Holding (Minor) at 18:42

2nd period

4. Red Wings , Tyler Johnson 21 (Mike Richards 41, Brent Seabrook 35) at 0:30
5. Canadiens , Jason Spezza 14 (Luke Schenn 17, Sidney Crosby 39) at 1:16 (PP)
6. Canadiens , Greg Stewart 17 (Jason Spezza 20, Dennis Wideman 14) at 5:22
7. Red Wings , Phil Kessel 21 (Mike Richards 42) at 16:48
8. Canadiens , Sidney Crosby 27 (Patrick Sharp 31, Joe Pavelski 22) at 18:35

Penalties :
Rick Nash (Det) for Holding (Minor) at 0:22, Sidney Crosby (Mon) for Goalie Interference (Minor) at 5:35, Wes O'Neill (Mon) for Interference (Minor) at 8:46, Theo Peckham (Det) for High sticking (Minor) at 11:11, Maxim Kondratiev (Mon) for Goalie Interference (Minor) at 19:28

3rd period

9. Red Wings , Phil Kessel 22 (Adam Henrique 21) at 10:09
10. Canadiens , Andrew Ebbett 8 (Dennis Wideman 15) at 12:42
11. Canadiens , Joe Pavelski 24 (Sidney Crosby 40, Patrick Sharp 32) at 18:44

Penalties :
Dustin Boyd (Mon) for Tripping (Minor) at 4:53

Goalie Stats

Michal Neuvirth (Det), 29 saves from 36 shots - (0.806), L, 34-7-2, 60:00 minutes
Jonathan Bernier (Mon), 25 saves from 29 shots - (0.862), W, 24-18-2, 60:00 minutes

Players Stats for Red Wings

Player Name              G  A  P  +/- PIM S  H  SB GA TA FO     MP     PP MP  PK MP  
------------------------------------------------------------------------------------
Adam Henrique            0  1  1   0  0   2  2  0  0  0  0/0    17:26   4:40   0:00 
Ales Hemsky              0  0  0  -1  0   2  0  0  0  0  1/1     6:49   0:00   0:00 
Alex Picard              0  0  0  -1  0   2  0  0  0  1  0/0    10:17   0:00   0:04 
Brent Seabrook           0  1  1  -3  0   2  2  0  2  1  0/0    26:46   7:37   2:39 
Chris Kelly              0  0  0  -1  0   4  0  0  1  0  1/5    10:12   0:00   0:00 
Filip Kuba               0  0  0  -1  0   0  0  2  0  0  0/0    12:10   0:29   2:04 
Jiri Fischer             0  0  0  -3  0   0  2  0  0  1  0/0    23:01   5:15   2:29 
Mike Richards            0  3  3   1  0   3  0  1  0  0  14/24  21:39   8:12   0:35 
Nate Thompson            0  0  0  -1  0   1  0  0  0  0  1/2     6:49   0:00   0:00 
Nino Niederreiter        0  0  0  -1  0   0  1  0  0  0  0/1    12:04   0:00   1:52 
Oleg Saprykin            0  0  0  -1  0   0  0  1  0  1  0/0     8:47   0:00   1:58 
Ole-Kristian Tollefsen   0  0  0   1  0   1  4  1  1  0  0/0    26:30   7:08   1:54 
Phil Kessel              2  0  2   0  0   2  1  0  0  0  0/0    17:26   4:40   0:00 
Philip Samuelsson        0  0  0   1  2   0  3  0  1  1  0/0    22:12   5:15   0:00 
Rick Nash                0  0  0  -2  2   1  1  0  0  1  8/14   22:35   8:11   1:56 
Sean Bergenheim          1  0  1  -2  0   5  1  0  1  0  0/1    20:49   8:12   0:08 
Theo Peckham             0  0  0  -1  2   1  0  0  0  1  0/0     9:40   0:00   0:00 
Tyler Johnson            1  0  1  -1  0   3  3  0  0  0  12/19  19:53   4:40   2:33 

Players Stats for Canadiens

Player Name              G  A  P  +/- PIM S  H  SB GA TA FO     MP     PP MP  PK MP  
------------------------------------------------------------------------------------
Adam Pardy               0  0  0  -1  0   1  1  1  0  0  0/0    11:28   0:00   2:43 
Andrew Ebbett            1  0  1   1  0   1  2  1  0  0  2/2     7:24   0:00   0:56 
Brett Maclean            0  0  0  -1  0   0  0  0  0  0  0/2    12:50   0:00   1:45 
David Jones              0  0  0   1  0   0  1  0  2  0  0/1    11:30   1:51   0:00 
Dennis Wideman           0  2  2   2  2   3  4  2  0  2  0/0    31:59   2:38   7:06 
Dustin Boyd              0  0  0  -1  4   1  1  0  1  0  1/4    10:57   0:01   0:00 
Evgeny Dadonov           0  0  0  -1  0   3  1  0  0  0  0/1    10:36   0:01   0:00 
Greg Stewart             1  0  1   1  0   5  0  0  0  0  0/1    13:23   1:51   1:27 
Jason Spezza             1  1  2   0  0   2  1  0  0  0  7/12   20:26   2:26   7:39 
Jiri Tlusty              0  0  0   1  0   4  0  0  0  0  0/0     6:48   0:01   0:00 
Joe Pavelski             1  2  3   3  0   3  1  1  0  0  0/0    20:27   2:06   3:36 
Ladislav Nagy            0  0  0   1  0   2  0  0  0  0  0/0     6:28   0:00   0:00 
Luke Schenn              0  1  1   3  2   0  0  1  1  1  0/0    29:20   2:38   6:56 
Maxim Kondratiev         0  0  0  -2  2   0  0  0  0  0  0/0     6:52   0:35   0:00 
Patrick Sharp            1  3  4   3  0   3  1  0  0  0  0/1    20:27   2:06   3:36 
Sidney Crosby            2  3  5   2  2   8  2  0  1  2  20/43  24:29   2:41   6:45 
Vitaly Vishnevsky        0  0  0   2  0   0  1  1  0  0  0/0    21:21   1:55   4:44 
Wes O'Neill              0  0  0   2  2   0  0  1  2  1  0/0    19:57   1:55   4:15 

3 Stars

1 - Sidney Crosby (Mon)
2 - Patrick Sharp (Mon)
3 - Joe Pavelski (Mon)

Power Play

Red Wings - 1 on 7 Attempt(s) - 14.29%
Canadiens - 1 on 3 Attempt(s) - 33.33%

Penalty Kill

Red Wings - 2 on 3 Attempt(s) - 66.67% - Score 0 goal in Penalty Kill
Canadiens - 6 on 7 Attempt(s) - 85.71% - Score 0 goal in Penalty Kill

Team Stat

Red Wings - Hits : 20 - Faceoff Wins : 37 - Blocked Shots : 5 - Penalty Minutes : 6
Canadiens - Hits : 16 - Faceoff Wins : 30 - Blocked Shots : 8 - Penalty Minutes : 14

Official

Referees : Hasenfratz Mike and Morton Dean
Linesman : Don Henderson and Greg Devorski

Game Notes

Maxim Kondratiev is injured at 7:15 of 3rd period (Sprained Right Finger)

Finance

Level 1 -- Attendance: 6000 (100.00%) -- Ticket Income $528,000
Level 2 -- Attendance: 4522 (90.44%) -- Ticket Income $248,710
Level 3 -- Attendance: 2000 (100.00%) -- Ticket Income $72,000
Level 4 -- Attendance: 4000 (100.00%) -- Ticket Income $108,000
Luxury Box -- Attendance: 1000 (100.00%) -- Ticket Income $155,000
Game was played at the Centre Bell.
Total Attendance: 17522 (97.34%)
Total Ticket Income: $1,111,710
Other Income: $166,756
Total Income: $1,278,466

Red Wings

5 vs 5 Forward 
   Center                   Left Wing                Right Wing               Time % Phy DF OF 
 1 Mike Richards            Adam Henrique            Phil Kessel              36     0   2  3  
 2 Tyler Johnson            Sean Bergenheim          Rick Nash                36     0   2  3  
 3 Chris Kelly              Alex Picard              Nino Niederreiter        20     0   3  2  
 4 Nate Thompson            Oleg Saprykin            Ales Hemsky              8      1   2  2  

5 vs 5 Defense 
   Defense                  Defense                                           Time % Phy DF OF 
 1 Brent Seabrook           Jiri Fischer                                      35     0   3  2  
 2 Philip Samuelsson        Ole-Kristian Tollefsen                            35     0   3  2  
 3 Filip Kuba               Theo Peckham                                      20     0   3  2  
 4 Filip Kuba               Theo Peckham                                      10     0   3  2  

PowerPlay Forward 
   Center                   Left Wing                Right Wing               Time % Phy DF OF 
 1 Rick Nash                Sean Bergenheim          Mike Richards            60     0   1  4  
 2 Tyler Johnson            Adam Henrique            Phil Kessel              40     0   1  4  

PowerPlay Defense
   Defense                  Defense                                           Time % Phy DF OF 
 1 Ole-Kristian Tollefsen   Brent Seabrook                                    60     0   2  3  
 2 Jiri Fischer             Philip Samuelsson                                 40     0   2  3  

Penalty Kill 4 Players Forward 
   Center                   Wing                     Time % Phy DF OF 
 1 Tyler Johnson            Oleg Saprykin            50     1   2  2  
 2 Rick Nash                Nino Niederreiter        50     1   2  2  

Penalty Kill 4 Players Defense
   Defense                  Defense                  Time % Phy DF OF 
 1 Brent Seabrook           Filip Kuba               50     1   2  2  
 2 Jiri Fischer             Ole-Kristian Tollefsen   50     1   2  2  

Penalty Kill - 3 Players Forward 
   Forward                                           Time % Phy DF OF 
 1 Nino Niederreiter                                 60     1   2  2  
 2 Tyler Johnson                                     40     1   2  2  

Penalty Kill - 3 Players Defense
   Defense                  Defense                  Time % Phy DF OF 
 1 Filip Kuba               Brent Seabrook           50     1   2  2  
 2 Jiri Fischer             Ole-Kristian Tollefsen   50     1   2  2  

4 vs 4 Forward 
   Center                   Wing                     Time % Phy DF OF 
 1 Mike Richards            Rick Nash                60     1   2  2  
 2 Tyler Johnson            Phil Kessel              40     1   2  2  

4 vs 4 Defense
   Defense                  Defense                  Time % Phy DF OF 
 1 Brent Seabrook           Jiri Fischer             60     1   2  2  
 2 Ole-Kristian Tollefsen   Philip Samuelsson        40     1   2  2  

Last Minutes Offensive
   Center                   Left Wing                Right Wing               Defense                  Defense                  
   Mike Richards            Rick Nash                Phil Kessel              Brent Seabrook           Ole-Kristian Tollefsen   

Last Minutes Defensive
   Center                   Left Wing                Right Wing               Defense                  Defense                  
   Tyler Johnson            Sean Bergenheim          Rick Nash                Jiri Fischer             Filip Kuba               

Goaltenders
Starting : Michal Neuvirth          
Backup : Ilya Bryzgalov           

Extra Forwards
Normal : Rick Nash, Tyler Johnson, Nino Niederreiter - PP : Nino Niederreiter, Chris Kelly - PK : Sean Bergenheim
Extra Defensemen
Normal : Brent Seabrook, Ole-Kristian Tollefsen, Philip Samuelsson - PP : Filip Kuba - PK : Philip Samuelsson, Theo Peckham
Penalty Shots
Rick Nash, Mike Richards, Phil Kessel, Brent Seabrook, Sean Bergenheim

Scratches
Brendan Bell (Healthy)

Canadiens

5 vs 5 Forward 
   Center                   Left Wing                Right Wing               Time % Phy DF OF 
 1 Sidney Crosby            Patrick Sharp            Joe Pavelski             40     1   2  2  
 2 Jason Spezza             Greg Stewart             David Jones              30     1   2  2  
 3 Dustin Boyd              Brett Maclean            Evgeny Dadonov           20     1   2  2  
 4 Andrew Ebbett            Ladislav Nagy            Jiri Tlusty              10     1   2  2  

5 vs 5 Defense 
   Defense                  Defense                                           Time % Phy DF OF 
 1 Luke Schenn              Dennis Wideman                                    40     1   2  2  
 2 Vitaly Vishnevsky        Wes O'Neill                                       30     1   2  2  
 3 Maxim Kondratiev         Adam Pardy                                        20     1   2  2  
 4 Luke Schenn              Dennis Wideman                                    10     1   2  2  

PowerPlay Forward 
   Center                   Left Wing                Right Wing               Time % Phy DF OF 
 1 Sidney Crosby            Patrick Sharp            Joe Pavelski             60     1   2  2  
 2 Jason Spezza             Greg Stewart             David Jones              40     1   2  2  

PowerPlay Defense
   Defense                  Defense                                           Time % Phy DF OF 
 1 Luke Schenn              Dennis Wideman                                    60     1   2  2  
 2 Vitaly Vishnevsky        Wes O'Neill                                       40     1   2  2  

Penalty Kill 4 Players Forward 
   Center                   Wing                     Time % Phy DF OF 
 1 Sidney Crosby            Jason Spezza             60     1   2  2  
 2 Joe Pavelski             Patrick Sharp            40     1   2  2  

Penalty Kill 4 Players Defense
   Defense                  Defense                  Time % Phy DF OF 
 1 Luke Schenn              Dennis Wideman           60     1   2  2  
 2 Vitaly Vishnevsky        Wes O'Neill              40     1   2  2  

Penalty Kill - 3 Players Forward 
   Forward                                           Time % Phy DF OF 
 1 Sidney Crosby                                     60     1   2  2  
 2 Jason Spezza                                      40     1   2  2  

Penalty Kill - 3 Players Defense
   Defense                  Defense                  Time % Phy DF OF 
 1 Luke Schenn              Dennis Wideman           60     1   2  2  
 2 Vitaly Vishnevsky        Wes O'Neill              40     1   2  2  

4 vs 4 Forward 
   Center                   Wing                     Time % Phy DF OF 
 1 Sidney Crosby            Jason Spezza             60     1   2  2  
 2 Joe Pavelski             Patrick Sharp            40     1   2  2  

4 vs 4 Defense
   Defense                  Defense                  Time % Phy DF OF 
 1 Luke Schenn              Dennis Wideman           60     1   2  2  
 2 Vitaly Vishnevsky        Wes O'Neill              40     1   2  2  

Last Minutes Offensive
   Center                   Left Wing                Right Wing               Defense                  Defense                  
   Sidney Crosby            Patrick Sharp            Joe Pavelski             Luke Schenn              Dennis Wideman           

Last Minutes Defensive
   Center                   Left Wing                Right Wing               Defense                  Defense                  
   Sidney Crosby            Patrick Sharp            Joe Pavelski             Luke Schenn              Dennis Wideman           

Goaltenders
Starting : Jonathan Bernier         
Backup : Mikael Tellqvist         

Extra Forwards
Normal : Dustin Boyd, Evgeny Dadonov, Brett Maclean - PP : Dustin Boyd, Evgeny Dadonov - PK : Brett Maclean
Extra Defensemen
Normal : Maxim Kondratiev, Adam Pardy, Vitaly Vishnevsky - PP : Maxim Kondratiev - PK : Adam Pardy, Vitaly Vishnevsky
Penalty Shots
Sidney Crosby, Jason Spezza, Joe Pavelski, Patrick Sharp, Greg Stewart

Scratches
None


% Time on Ice - Red Wings

Lines # - Real PCT - Wanted PCT - Time Play
Normal Forward
1 - 30% - 36% - 12:34
2 - 30% - 36% - 12:41
3 - 24% - 20% - 10:12
4 - 16% - 8% - 6:49
Normal Defense
1 - 38% - 35% - 15:58
2 - 40% - 35% - 16:57
3 - 19% - 20% - 7:50
4 - 4% - 10% - 1:31
PP Forward
1 - 64% - 60% - 8:12
2 - 36% - 40% - 4:40
PP Defense
1 - 59% - 60% - 7:37
2 - 41% - 40% - 5:15
PK Forward
1 - 58% - 50% - 2:37
2 - 42% - 50% - 1:56
PK Defense
1 - 58% - 50% - 2:39
2 - 42% - 50% - 1:54
PK3 Forward
1 - 0% - 60%
2 - 0% - 40%
PK3 Defense
1 - 0% - 50%
2 - 0% - 50%
44 Forward
1 - 100% - 60% - 0:19
2 - 0% - 40% - 0:00
44 Defense
1 - 100% - 60% - 0:19
2 - 0% - 40% - 0:00
Last Minute Offensive  - 0:00
Last Minute Defensive  - 0:00
Total
Forward - 60:00
Defense - 60:00

% Time on Ice - Canadiens

Lines # - Real PCT - Wanted PCT - Time Play
Normal Forward
1 - 37% - 40% - 15:44
2 - 23% - 30% - 9:48
3 - 24% - 20% - 10:16
4 - 15% - 10% - 6:28
Normal Defense
1 - 44% - 40% - 18:33
2 - 33% - 30% - 13:48
3 - 21% - 20% - 8:41
4 - 3% - 10% - 1:14
PP Forward
1 - 59% - 60% - 2:42
2 - 41% - 40% - 1:51
PP Defense
1 - 58% - 60% - 2:38
2 - 42% - 40% - 1:55
PK Forward
1 - 72% - 60% - 9:16
2 - 28% - 40% - 3:36
PK Defense
1 - 63% - 60% - 8:08
2 - 37% - 40% - 4:44
PK3 Forward
1 - 0% - 60%
2 - 0% - 40%
PK3 Defense
1 - 0% - 60%
2 - 0% - 40%
44 Forward
1 - 100% - 60% - 0:19
2 - 0% - 40% - 0:00
44 Defense
1 - 100% - 60% - 0:19
2 - 0% - 40% - 0:00
Last Minute Offensive  - 0:00
Last Minute Defensive  - 0:00
Total
Forward - 60:00
Defense - 60:00

Play by Play

1st period


0:01 of 1st period - Sidney Crosby wins face-off versus Mike Richards in neutral zone.
0:04 of 1st period - Jiri Fischer is hit by Patrick Sharp and loses puck.
0:12 of 1st period - Off-side.
0:13 of 1st period - Tyler Johnson wins face-off versus Greg Stewart in neutral zone.
0:38 of 1st period - Vitaly Vishnevsky is hit by Philip Samuelsson and loses puck.
0:51 of 1st period - Wrist shot by Nino Niederreiter.
0:51 of 1st period - Shot Misses the Net.
1:03 of 1st period - Adam Pardy is hit by Adam Henrique.
2:11 of 1st period - Snap shot by Sidney Crosby.
2:11 of 1st period - Stopped by Michal Neuvirth without a rebound.
2:12 of 1st period - Sidney Crosby wins face-off versus Chris Kelly in Red Wings zone.
2:13 of 1st period - Wrist shot by Patrick Sharp.
2:13 of 1st period - Shot Misses the Net.
3:07 of 1st period - Slapshot by Tyler Johnson.
3:07 of 1st period - Shot Misses the Net.
3:09 of 1st period - Wrist shot by Sean Bergenheim.
3:09 of 1st period - Stopped by Jonathan Bernier with a rebound.
3:11 of 1st period - Snap shot by Sean Bergenheim.
3:11 of 1st period - Shot Misses the Net.
3:13 of 1st period - Snap shot by Sean Bergenheim.
3:13 of 1st period - Shot Blocked by Dennis Wideman.
3:19 of 1st period - Minor Penalty to Dustin Boyd for Elbowing.
3:20 of 1st period - Mike Richards wins face-off versus Sidney Crosby in Canadiens zone.
3:25 of 1st period - Snap shot by Mike Richards.
3:25 of 1st period - Stopped by Jonathan Bernier with a rebound.
3:27 of 1st period - Slapshot by Ole-Kristian Tollefsen.
3:27 of 1st period - Stopped by Jonathan Bernier without a rebound.
3:28 of 1st period - Rick Nash wins face-off versus Sidney Crosby in Canadiens zone.
4:36 of 1st period - Snap shot by Sean Bergenheim.
4:36 of 1st period - Goal by Sean Bergenheim - Red Wings : 1 - Canadiens : 0.
4:37 of 1st period - Sidney Crosby wins face-off versus Chris Kelly in neutral zone.
4:48 of 1st period - Slapshot by Sidney Crosby.
4:48 of 1st period - Stopped by Michal Neuvirth with a rebound.
5:24 of 1st period - Slapshot by Adam Henrique.
5:24 of 1st period - Deflect By Mike Richards.
5:24 of 1st period - Shot Blocked by Adam Pardy.
5:24 of 1st period - Puck is out of play.
5:25 of 1st period - Andrew Ebbett wins face-off versus Mike Richards in Canadiens zone.
5:49 of 1st period - Sean Bergenheim is hit by Andrew Ebbett and loses puck.
5:58 of 1st period - Snap shot by Ladislav Nagy.
5:58 of 1st period - Stopped by Michal Neuvirth with a rebound.
6:00 of 1st period - Wrist shot by Ladislav Nagy.
6:00 of 1st period - Shot Misses the Net.
6:02 of 1st period - Wrist shot by Ladislav Nagy.
6:02 of 1st period - Deflect By Jiri Tlusty.
6:02 of 1st period - Stopped by Michal Neuvirth without a rebound.
6:03 of 1st period - Mike Richards wins face-off versus Sidney Crosby in Red Wings zone.
6:07 of 1st period - Off-side.
6:08 of 1st period - Sidney Crosby wins face-off versus Mike Richards in neutral zone.
6:19 of 1st period - Wrist shot by Patrick Sharp.
6:19 of 1st period - Deflect By Sidney Crosby.
6:19 of 1st period - Goal by Sidney Crosby - Red Wings : 1 - Canadiens : 1.
6:20 of 1st period - Rick Nash wins face-off versus Sidney Crosby in neutral zone.
6:33 of 1st period - Snap shot by Sidney Crosby.
6:33 of 1st period - Stopped by Michal Neuvirth without a rebound.
6:34 of 1st period - Mike Richards wins face-off versus David Jones in Red Wings zone.
6:43 of 1st period - Snap shot by Greg Stewart.
6:43 of 1st period - Stopped by Michal Neuvirth without a rebound.
6:44 of 1st period - Mike Richards wins face-off versus Jason Spezza in Red Wings zone.
6:53 of 1st period - Snap shot by Greg Stewart.
6:53 of 1st period - Stopped by Michal Neuvirth with a rebound.
6:55 of 1st period - Slapshot by Jason Spezza.
6:55 of 1st period - Stopped by Michal Neuvirth without a rebound.
6:56 of 1st period - Tyler Johnson wins face-off versus Sidney Crosby in Red Wings zone.
8:04 of 1st period - Minor Penalty to Philip Samuelsson for Roughing.
8:05 of 1st period - Sidney Crosby wins face-off versus Tyler Johnson in Red Wings zone.
8:35 of 1st period - Backhand shot by Greg Stewart.
8:35 of 1st period - Shot Blocked by Filip Kuba.
10:04 of 1st period - Penalty to Philip Samuelsson is over, Philip Samuelsson is back on ice.
10:19 of 1st period - Wrist shot by Jiri Tlusty.
10:19 of 1st period - Stopped by Michal Neuvirth with a rebound.
10:31 of 1st period - Theo Peckham is hit by Evgeny Dadonov and loses puck.
10:42 of 1st period - Wrist shot by Evgeny Dadonov.
10:42 of 1st period - Shot Misses the Net.
10:44 of 1st period - Slapshot by Vitaly Vishnevsky.
10:44 of 1st period - Shot Blocked by Filip Kuba.
12:36 of 1st period - Luke Schenn is hit by Ole-Kristian Tollefsen and loses puck.
13:16 of 1st period - Minor Penalty to Dennis Wideman for Hooking.
13:17 of 1st period - Sidney Crosby wins face-off versus Rick Nash in Canadiens zone.
15:16 of 1st period - Penalty to Dennis Wideman is over, Dennis Wideman is back on ice.
15:34 of 1st period - Brent Seabrook is hit by Vitaly Vishnevsky and loses puck.
16:08 of 1st period - Wrist shot by Vitaly Vishnevsky.
16:08 of 1st period - Deflect By Patrick Sharp.
16:08 of 1st period - Stopped by Michal Neuvirth without a rebound.
16:09 of 1st period - Sidney Crosby wins face-off versus Tyler Johnson in Red Wings zone.
16:12 of 1st period - Snap shot by Sidney Crosby.
16:12 of 1st period - Stopped by Michal Neuvirth with a rebound.
16:14 of 1st period - Slapshot by Patrick Sharp.
16:14 of 1st period - Goal by Patrick Sharp - Red Wings : 1 - Canadiens : 2.
16:15 of 1st period - Tyler Johnson wins face-off versus Sidney Crosby in neutral zone.
16:32 of 1st period - Jiri Fischer is hit by Dennis Wideman.
18:28 of 1st period - Slapshot by Evgeny Dadonov.
18:28 of 1st period - Shot Misses the Net.
18:42 of 1st period - Minor Penalty to Luke Schenn for Holding.
18:43 of 1st period - Sidney Crosby wins face-off versus Rick Nash in Canadiens zone.
19:10 of 1st period - Phil Kessel is hit by Dennis Wideman and loses puck.
Goals for this period are 1 for Red Wings vs 2 for Canadiens.
Shots for this period are 4 for Red Wings vs 13 for Canadiens.

2nd period


0:01 of 2nd period - Jason Spezza wins face-off versus Sean Bergenheim in neutral zone.
0:22 of 2nd period - Minor Penalty to Rick Nash for Holding.
0:23 of 2nd period - Mike Richards wins face-off versus Sidney Crosby in Red Wings zone.
0:30 of 2nd period - Snap shot by Tyler Johnson.
0:30 of 2nd period - Goal by Tyler Johnson - Red Wings : 2 - Canadiens : 2.
0:31 of 2nd period - Jason Spezza wins face-off versus Mike Richards in neutral zone.
0:42 of 2nd period - Penalty to Luke Schenn is over, Luke Schenn is back on ice.
1:16 of 2nd period - Wrist shot by Jason Spezza.
1:16 of 2nd period - Goal by Jason Spezza - Red Wings : 2 - Canadiens : 3.
1:17 of 2nd period - Dustin Boyd wins face-off versus Chris Kelly in neutral zone.
1:30 of 2nd period - Backhand shot by Chris Kelly.
1:30 of 2nd period - Stopped by Jonathan Bernier without a rebound.
1:31 of 2nd period - Sidney Crosby wins face-off versus Tyler Johnson in Canadiens zone.
1:31 of 2nd period - Sidney Crosby is hit by Rick Nash.
1:39 of 2nd period - Wrist shot by Joe Pavelski.
1:39 of 2nd period - Shot Misses the Net.
1:47 of 2nd period - Wrist shot by Tyler Johnson.
1:47 of 2nd period - Stopped by Jonathan Bernier without a rebound.
1:48 of 2nd period - Mike Richards wins face-off versus Jason Spezza in Canadiens zone.
2:14 of 2nd period - Sidney Crosby is hit by Brent Seabrook.
2:45 of 2nd period - Slapshot by Evgeny Dadonov.
2:45 of 2nd period - Shot Misses the Net.
3:07 of 2nd period - Slapshot by Ales Hemsky.
3:07 of 2nd period - Stopped by Jonathan Bernier with a rebound.
3:28 of 2nd period - Wrist shot by Mike Richards.
3:28 of 2nd period - Stopped by Jonathan Bernier with a rebound.
4:07 of 2nd period - Snap shot by Dustin Boyd.
4:07 of 2nd period - Shot Misses the Net.
4:21 of 2nd period - Brent Seabrook is hit by David Jones and loses puck.
4:40 of 2nd period - Sidney Crosby is hit by Sean Bergenheim and loses puck.
5:22 of 2nd period - Snap shot by Greg Stewart.
5:22 of 2nd period - Goal by Greg Stewart - Red Wings : 2 - Canadiens : 4.
5:23 of 2nd period - Tyler Johnson wins face-off versus Sidney Crosby in neutral zone.
5:35 of 2nd period - Minor Penalty to Sidney Crosby for Goalie Interference.
5:36 of 2nd period - Rick Nash wins face-off versus Brett Maclean in Canadiens zone.
5:36 of 2nd period - Slapshot by Sean Bergenheim.
5:36 of 2nd period - Stopped by Jonathan Bernier without a rebound.
5:37 of 2nd period - Rick Nash wins face-off versus Brett Maclean in Canadiens zone.
5:54 of 2nd period - Slapshot by Rick Nash.
5:54 of 2nd period - Shot Misses the Net.
7:35 of 2nd period - Penalty to Sidney Crosby is over, Sidney Crosby is back on ice.
7:51 of 2nd period - Snap shot by Nino Niederreiter.
7:51 of 2nd period - Shot Blocked by Dennis Wideman.
8:08 of 2nd period - Slapshot by Chris Kelly.
8:08 of 2nd period - Stopped by Jonathan Bernier without a rebound.
8:09 of 2nd period - Sidney Crosby wins face-off versus Nate Thompson in Canadiens zone.
8:25 of 2nd period - Adam Pardy is hit by Ole-Kristian Tollefsen and loses puck.
8:46 of 2nd period - Minor Penalty to Wes O'Neill for Interference.
8:47 of 2nd period - Rick Nash wins face-off versus Sidney Crosby in Canadiens zone.
9:16 of 2nd period - Snap shot by Sean Bergenheim.
9:16 of 2nd period - Stopped by Jonathan Bernier without a rebound.
9:17 of 2nd period - Jason Spezza wins face-off versus Tyler Johnson in Canadiens zone.
9:30 of 2nd period - Snap shot by Brent Seabrook.
9:30 of 2nd period - Shot Blocked by Joe Pavelski.
9:45 of 2nd period - Icing by Mike Richards.
9:46 of 2nd period - Mike Richards wins face-off versus Sidney Crosby in Red Wings zone.
10:01 of 2nd period - Snap shot by Rick Nash.
10:01 of 2nd period - Stopped by Jonathan Bernier without a rebound.
10:02 of 2nd period - Sidney Crosby wins face-off versus Tyler Johnson in Canadiens zone.
10:21 of 2nd period - Slapshot by Patrick Sharp.
10:21 of 2nd period - Stopped by Michal Neuvirth without a rebound.
10:22 of 2nd period - Sidney Crosby wins face-off versus Rick Nash in Red Wings zone.
10:46 of 2nd period - Penalty to Wes O'Neill is over, Wes O'Neill is back on ice.
10:51 of 2nd period - Wrist shot by Dustin Boyd.
10:51 of 2nd period - Shot Blocked by Ole-Kristian Tollefsen.
10:59 of 2nd period - Slapshot by Evgeny Dadonov.
10:59 of 2nd period - Stopped by Michal Neuvirth with a rebound.
11:01 of 2nd period - Slapshot by Evgeny Dadonov.
11:01 of 2nd period - Stopped by Michal Neuvirth without a rebound.
11:02 of 2nd period - Tyler Johnson wins face-off versus Jason Spezza in Red Wings zone.
11:07 of 2nd period - Greg Stewart is hit by Tyler Johnson and loses puck.
11:11 of 2nd period - Minor Penalty to Theo Peckham for High sticking.
11:12 of 2nd period - Rick Nash wins face-off versus Sidney Crosby in Red Wings zone.
11:45 of 2nd period - Wrist shot by Jason Spezza.
11:45 of 2nd period - Shot Misses the Net.
13:11 of 2nd period - Penalty to Theo Peckham is over, Theo Peckham is back on ice.
13:13 of 2nd period - Brent Seabrook is hit by Dustin Boyd and loses puck.
13:38 of 2nd period - Snap shot by Ladislav Nagy.
13:38 of 2nd period - Stopped by Michal Neuvirth without a rebound.
13:39 of 2nd period - Andrew Ebbett wins face-off versus Mike Richards in Red Wings zone.
13:40 of 2nd period - Wrist shot by Jiri Tlusty.
13:40 of 2nd period - Stopped by Michal Neuvirth with a rebound.
14:00 of 2nd period - Wes O'Neill is hit by Ole-Kristian Tollefsen and loses puck.
14:21 of 2nd period - Nate Thompson is hit by Sidney Crosby and loses puck.
14:54 of 2nd period - Off-side.
14:55 of 2nd period - Tyler Johnson wins face-off versus Sidney Crosby in neutral zone.
16:18 of 2nd period - Snap shot by Alex Picard.
16:18 of 2nd period - Stopped by Jonathan Bernier with a rebound.
16:40 of 2nd period - Wrist shot by Chris Kelly.
16:40 of 2nd period - Shot Blocked by Andrew Ebbett.
16:42 of 2nd period - Snap shot by Alex Picard.
16:42 of 2nd period - Shot Misses the Net.
16:44 of 2nd period - Wrist shot by Chris Kelly.
16:44 of 2nd period - Stopped by Jonathan Bernier with a rebound.
16:46 of 2nd period - Snap shot by Jiri Fischer.
16:46 of 2nd period - Deflect By Chris Kelly.
16:46 of 2nd period - Shot Misses the Net.
16:46 of 2nd period - Puck is out of play.
16:47 of 2nd period - Mike Richards wins face-off versus Sidney Crosby in Canadiens zone.
16:48 of 2nd period - Snap shot by Phil Kessel.
16:48 of 2nd period - Goal by Phil Kessel - Red Wings : 3 - Canadiens : 4.
16:49 of 2nd period - Mike Richards wins face-off versus Sidney Crosby in neutral zone.
17:23 of 2nd period - Icing by Dennis Wideman.
17:24 of 2nd period - Sidney Crosby wins face-off versus Tyler Johnson in Canadiens zone.
18:01 of 2nd period - Wrist shot by Joe Pavelski.
18:01 of 2nd period - Stopped by Michal Neuvirth with a rebound.
18:03 of 2nd period - Slapshot by Dennis Wideman.
18:03 of 2nd period - Deflect By Rick Nash.
18:03 of 2nd period - Stopped by Michal Neuvirth with a rebound.
18:05 of 2nd period - Slapshot by Dennis Wideman.
18:05 of 2nd period - Stopped by Michal Neuvirth with a rebound.
18:07 of 2nd period - Wrist shot by Sidney Crosby.
18:07 of 2nd period - Shot Misses the Net.
18:15 of 2nd period - Snap shot by Joe Pavelski.
18:15 of 2nd period - Stopped by Michal Neuvirth with a rebound.
18:31 of 2nd period - Snap shot by Joe Pavelski.
18:31 of 2nd period - Shot Misses the Net.
18:33 of 2nd period - Wrist shot by Patrick Sharp.
18:33 of 2nd period - Shot Hit the Post.
18:35 of 2nd period - Slapshot by Sidney Crosby.
18:35 of 2nd period - Goal by Sidney Crosby - Red Wings : 3 - Canadiens : 5.
18:36 of 2nd period - Mike Richards wins face-off versus Jason Spezza in neutral zone.
19:28 of 2nd period - Minor Penalty to Maxim Kondratiev for Goalie Interference.
19:29 of 2nd period - Jason Spezza wins face-off versus Rick Nash in Canadiens zone.
19:42 of 2nd period - Wrist shot by Mike Richards.
19:42 of 2nd period - Stopped by Jonathan Bernier without a rebound.
19:43 of 2nd period - Sidney Crosby wins face-off versus Rick Nash in Canadiens zone.
Goals for this period are 2 for Red Wings vs 3 for Canadiens.
Shots for this period are 13 for Red Wings vs 12 for Canadiens.

3rd period


0:01 of 3rd period - Sidney Crosby wins face-off versus Rick Nash in neutral zone.
0:26 of 3rd period - Dennis Wideman is hit by Adam Henrique and loses puck.
1:01 of 3rd period - Jiri Fischer is hit by Jason Spezza and loses puck.
1:28 of 3rd period - Penalty to Maxim Kondratiev is over, Maxim Kondratiev is back on ice.
1:44 of 3rd period - Snap shot by Jiri Tlusty.
1:44 of 3rd period - Stopped by Michal Neuvirth without a rebound.
1:45 of 3rd period - Ales Hemsky wins face-off versus Dustin Boyd in Red Wings zone.
1:52 of 3rd period - Slapshot by Theo Peckham.
1:52 of 3rd period - Shot Misses the Net.
1:54 of 3rd period - Slapshot by Theo Peckham.
1:54 of 3rd period - Deflect By Evgeny Dadonov.
1:54 of 3rd period - Stopped by Jonathan Bernier without a rebound.
1:55 of 3rd period - Nate Thompson wins face-off versus Evgeny Dadonov in Canadiens zone.
2:02 of 3rd period - Snap shot by Oleg Saprykin.
2:02 of 3rd period - Shot Misses the Net.
2:04 of 3rd period - Wrist shot by Nate Thompson.
2:04 of 3rd period - Shot Misses the Net.
2:06 of 3rd period - Snap shot by Ales Hemsky.
2:06 of 3rd period - Stopped by Jonathan Bernier without a rebound.
2:07 of 3rd period - Mike Richards wins face-off versus Sidney Crosby in Canadiens zone.
2:20 of 3rd period - Luke Schenn is hit by Ole-Kristian Tollefsen and loses puck.
3:00 of 3rd period - Slapshot by Ole-Kristian Tollefsen.
3:00 of 3rd period - Shot Blocked by Wes O'Neill.
3:04 of 3rd period - Slapshot by Chris Kelly.
3:04 of 3rd period - Stopped by Jonathan Bernier with a rebound.
3:14 of 3rd period - Oleg Saprykin is hit by Joe Pavelski and loses puck.
3:46 of 3rd period - Wrist shot by Adam Henrique.
3:46 of 3rd period - Shot Misses the Net.
3:48 of 3rd period - Wrist shot by Adam Henrique.
3:48 of 3rd period - Stopped by Jonathan Bernier with a rebound.
4:06 of 3rd period - Wrist shot by Greg Stewart.
4:06 of 3rd period - Stopped by Michal Neuvirth with a rebound.
4:18 of 3rd period - Joe Pavelski is hit by Nino Niederreiter and loses puck.
4:53 of 3rd period - Minor Penalty to Dustin Boyd for Tripping.
4:54 of 3rd period - Rick Nash wins face-off versus Sidney Crosby in Canadiens zone.
5:21 of 3rd period - Joe Pavelski is hit by Tyler Johnson and loses puck.
5:52 of 3rd period - Sidney Crosby is hit by Tyler Johnson and loses puck.
6:52 of 3rd period - Luke Schenn is hit by Jiri Fischer and loses puck.
6:53 of 3rd period - Penalty to Dustin Boyd is over, Dustin Boyd is back on ice.
7:14 of 3rd period - Maxim Kondratiev is hit by Philip Samuelsson and loses puck.
7:15 of 3rd period - Maxim Kondratiev from Canadiens is injured at 7:15 of 3rd period (Sprained Right Finger).
7:16 of 3rd period - Sidney Crosby wins face-off versus Mike Richards in Canadiens zone.
8:03 of 3rd period - Snap shot by Mike Richards.
8:03 of 3rd period - Deflect By Phil Kessel.
8:03 of 3rd period - Shot Misses the Net.
8:03 of 3rd period - Puck is out of play.
8:04 of 3rd period - Tyler Johnson wins face-off versus Sidney Crosby in Canadiens zone.
8:30 of 3rd period - Wes O'Neill is hit by Philip Samuelsson.
8:58 of 3rd period - Brent Seabrook is hit by Adam Pardy and loses puck.
9:19 of 3rd period - Tyler Johnson is hit by Andrew Ebbett and loses puck.
9:31 of 3rd period - Icing by Vitaly Vishnevsky.
9:32 of 3rd period - Mike Richards wins face-off versus Sidney Crosby in Canadiens zone.
9:33 of 3rd period - Snap shot by Adam Henrique.
9:33 of 3rd period - Shot Blocked by Vitaly Vishnevsky.
10:09 of 3rd period - Wrist shot by Phil Kessel.
10:09 of 3rd period - Goal by Phil Kessel - Red Wings : 4 - Canadiens : 5.
10:10 of 3rd period - Jason Spezza wins face-off versus Tyler Johnson in neutral zone.
10:16 of 3rd period - Icing by Jiri Fischer.
10:17 of 3rd period - Rick Nash wins face-off versus Jason Spezza in Red Wings zone.
10:17 of 3rd period - Rick Nash is hit by Dennis Wideman.
10:29 of 3rd period - Wrist shot by Greg Stewart.
10:29 of 3rd period - Stopped by Michal Neuvirth without a rebound.
10:30 of 3rd period - Tyler Johnson wins face-off versus Sidney Crosby in Red Wings zone.
10:39 of 3rd period - Slapshot by Brent Seabrook.
10:39 of 3rd period - Stopped by Jonathan Bernier with a rebound.
10:57 of 3rd period - Luke Schenn is hit by Brent Seabrook and loses puck.
11:03 of 3rd period - Off-side.
11:04 of 3rd period - Jason Spezza wins face-off versus Mike Richards in neutral zone.
11:43 of 3rd period - Snap shot by Dustin Boyd.
11:43 of 3rd period - Stopped by Michal Neuvirth with a rebound.
12:31 of 3rd period - Ladislav Nagy is hit by Jiri Fischer and loses puck.
12:40 of 3rd period - Snap shot by Andrew Ebbett.
12:40 of 3rd period - Shot Blocked by Oleg Saprykin.
12:42 of 3rd period - Wrist shot by Andrew Ebbett.
12:42 of 3rd period - Goal by Andrew Ebbett - Red Wings : 4 - Canadiens : 6.
12:43 of 3rd period - Tyler Johnson wins face-off versus Patrick Sharp in neutral zone.
12:46 of 3rd period - Slapshot by Tyler Johnson.
12:46 of 3rd period - Stopped by Jonathan Bernier with a rebound.
13:02 of 3rd period - Sean Bergenheim is hit by Sidney Crosby and loses puck.
14:03 of 3rd period - Snap shot by Alex Picard.
14:03 of 3rd period - Stopped by Jonathan Bernier without a rebound.
14:04 of 3rd period - Tyler Johnson wins face-off versus Sidney Crosby in Canadiens zone.
14:09 of 3rd period - Wrist shot by Rick Nash.
14:09 of 3rd period - Deflect By Sean Bergenheim.
14:09 of 3rd period - Shot Misses the Net.
14:09 of 3rd period - Puck is out of play.
14:10 of 3rd period - Tyler Johnson wins face-off versus Sidney Crosby in Canadiens zone.
14:19 of 3rd period - Slapshot by Sean Bergenheim.
14:19 of 3rd period - Stopped by Jonathan Bernier without a rebound.
14:20 of 3rd period - Mike Richards wins face-off versus Sidney Crosby in Canadiens zone.
14:21 of 3rd period - Snap shot by Adam Henrique.
14:21 of 3rd period - Stopped by Jonathan Bernier without a rebound.
14:22 of 3rd period - Sidney Crosby wins face-off versus Mike Richards in Canadiens zone.
14:49 of 3rd period - Slapshot by Luke Schenn.
14:49 of 3rd period - Shot Misses the Net.
14:55 of 3rd period - Backhand shot by Jiri Fischer.
14:55 of 3rd period - Shot Misses the Net.
14:57 of 3rd period - Snap shot by Sean Bergenheim.
14:57 of 3rd period - Shot Blocked by Luke Schenn.
14:59 of 3rd period - Wrist shot by Jiri Fischer.
14:59 of 3rd period - Deflect By Sean Bergenheim.
14:59 of 3rd period - Shot Misses the Net.
14:59 of 3rd period - Puck is out of play.
15:00 of 3rd period - Jason Spezza wins face-off versus Mike Richards in Canadiens zone.
15:13 of 3rd period - Snap shot by Greg Stewart.
15:13 of 3rd period - Shot Blocked by Mike Richards.
15:15 of 3rd period - Slapshot by Adam Pardy.
15:15 of 3rd period - Stopped by Michal Neuvirth with a rebound.
15:57 of 3rd period - Snap shot by Dennis Wideman.
15:57 of 3rd period - Stopped by Michal Neuvirth without a rebound.
15:58 of 3rd period - Chris Kelly wins face-off versus Dustin Boyd in Red Wings zone.
16:25 of 3rd period - Vitaly Vishnevsky is hit by Phil Kessel and loses puck.
16:50 of 3rd period - Wrist shot by Brent Seabrook.
16:50 of 3rd period - Stopped by Jonathan Bernier without a rebound.
16:51 of 3rd period - Tyler Johnson wins face-off versus Dustin Boyd in Canadiens zone.
17:02 of 3rd period - Slapshot by Tyler Johnson.
17:02 of 3rd period - Shot Misses the Net.
17:18 of 3rd period - Wrist shot by Sidney Crosby.
17:18 of 3rd period - Stopped by Michal Neuvirth without a rebound.
17:19 of 3rd period - Sidney Crosby wins face-off versus Nino Niederreiter in Red Wings zone.
17:52 of 3rd period - Slapshot by Evgeny Dadonov.
17:52 of 3rd period - Stopped by Michal Neuvirth with a rebound.
18:32 of 3rd period - Snap shot by Sidney Crosby.
18:32 of 3rd period - Stopped by Michal Neuvirth without a rebound.
18:33 of 3rd period - Sidney Crosby wins face-off versus Chris Kelly in Red Wings zone.
18:44 of 3rd period - Snap shot by Joe Pavelski.
18:44 of 3rd period - Goal by Joe Pavelski - Red Wings : 4 - Canadiens : 7.
18:45 of 3rd period - Sidney Crosby wins face-off versus Mike Richards in neutral zone.
19:37 of 3rd period - Alex Picard is hit by Dennis Wideman and loses puck.
19:57 of 3rd period - Slapshot by Nate Thompson.
19:57 of 3rd period - Stopped by Jonathan Bernier without a rebound.
19:58 of 3rd period - Mike Richards wins face-off versus Sidney Crosby in Canadiens zone.
Goals for this period are 1 for Red Wings vs 2 for Canadiens.
Shots for this period are 12 for Red Wings vs 11 for Canadiens.